 Dungeon Crawl Stone Soup version 0.21.1-1-g345015f (webtiles) character file.

1812 prawnwizard the Geomancer (level 9, -1/51 HPs)
             Began as a Gargoyle Earth Elementalist on July 4, 2018.
             Was an Initiate of Vehumet.
             Slain by a yak (8 damage)
             ... on level 9 of the Dungeon.
             The game lasted 00:20:13 (5550 turns).

prawnwizard the Geomancer (GrEE)                    Turns: 5550, Time: 00:20:16

Health: -1/51      AC: 10    Str: 20    XL:     9   Next: 10%
Magic:  2/27       EV: 13    Int: 20    God:    Vehumet [......]
Gold:   325        SH:  0    Dex: 10    Spells: 9/20 levels left

rFire    . . .     SeeInvis .   p - +1 dagger (venom)
rCold    . . .     Gourm    .   (no shield)
rNeg     + . .     Faith    .   c - +0 robe
rPois    ∞         Spirit   .   (no helmet)
rElec    +         Reflect  .   F - +0 cloak
rCorr    .         Harm     .   r - +0 pair of gloves {Str+3}
MR       .....                  (no boots)
Stlth    ++........             (no amulet)
HPRegen  0.17/turn              q - ring of magical power
MPRegen  0.20/turn              h - +6 ring of strength

@: no status effects
A: negative energy resistance 1, electricity resistance, unbreathing,
petrification resistance, rot immunity, AC +6
a: Renounce Religion


You were on level 9 of the Dungeon.
You worshipped Vehumet.
Vehumet was noncommittal.
You were very hungry.

You visited 1 branch of the dungeon, and saw 7 of its levels.

You collected 325 gold pieces.

Inventory:

Hand Weapons
 p - a +1 dagger of venom (weapon)
Missiles
 b - 139 stones (quivered)
Armour
 a - a +0 pair of gloves
 c - a +0 robe (worn)
 r - a +0 pair of gloves of strength (worn)
 F - a +0 cloak (worn)
 G - a +2 leather armour of cold resistance
Jewellery
 h - a +6 ring of strength (right hand)
 q - a ring of magical power (left hand)
 I - an uncursed amulet of harm {unknown}
 J - a +3 ring of protection {unknown}
Wands
 x - a wand of digging (13)
 C - a wand of random effects (30)
Scrolls
 f - 3 scrolls of identify
 g - 5 scrolls of teleportation
 l - 2 scrolls of fog {unknown}
 m - a scroll of magic mapping {unknown}
 n - 4 scrolls of amnesia {unknown}
 u - a scroll of random uselessness {unknown}
 y - 2 scrolls of enchant weapon {unknown}
 B - 2 scrolls of noise {unknown}
 H - 2 scrolls of remove curse
 K - a scroll of brand weapon {unknown}
 M - 3 scrolls of blinking {unknown}
 N - 2 scrolls of enchant armour {unknown}
Potions
 i - a potion of flight {unknown}
 j - 3 potions of resistance
 k - 5 potions of lignification
 o - a potion of degeneration {unknown}
 s - a potion of might {unknown}
 t - a potion of heal wounds {unknown}
 w - a potion of mutation {unknown}
 z - a potion of cancellation {unknown}
 A - a potion of agility
 D - 2 potions of haste
 E - a potion of brilliance {unknown}
 O - a potion of invisibility {unknown}
Books
 e - a book of Geomancy

   Spells                             Type                      Level
   a - Sandblast                      Earth                        1
   b - Passwall                       Transmutation/Earth          2
   c - Stone Arrow                    Conjuration/Earth            3
   d - Petrify                        Transmutation/Earth          4
   e - Lee's Rapid Deconstruction     Earth                        5
Comestibles
 d - 9 rations
 L - 2 chunks of flesh


   Skills:
 - Level 3.5 Fighting
 - Level 3.3 Dodging
 - Level 2.1 Stealth
 + Level 6.0 Spellcasting
 - Level 0.7 Transmutations
 + Level 10.3 Earth Magic


You had 9 spell levels left.
You knew the following spells:

 Your Spells              Type           Power        Failure   Level  Hunger
a - Sandblast             Erth           #####.       1%          1    None
b - Passwall              Tmut/Erth      ####......   1%          2    None
c - Stone Arrow           Conj/Erth      ####..       3%          3    ##.....
d - Lee's Rapid Deconstr  Erth           #####.....   4%          5    #####..


Dungeon Overview and Level Annotations

Branches:
Dungeon (6/15)
 Temple: D:4-7

Altars:
Cheibriados
Gozag
Hepliaklqana
Sif Muna
Vehumet
Yredelemnul
Zin

Shops:
D:4 (   D:6 [


Innate Abilities, Weirdness & Mutations

You are resistant to torment.
Your stone body is resilient. (AC +6)
You are immune to poison.
You resist negative energy. (rN+)
You are resistant to electric shocks. (rElec)
You can survive without breathing.
You are immune to petrification.
You are immune to rotting.


Message History

You kill the orc!
Vehumet accepts your kill.
The blast of rock fragments hits the orc.
You kill the orc!
Vehumet accepts your kill.
You are feeling very hungry.
The yak closely misses you. The yak completely misses you.
An orc priest comes into view. It is wielding a mace.
You hit the yak but do no damage.
The yak looks as sick as possible!
The yak is almost dead.
The yak gores you.
* * * LOW HITPOINT WARNING * * *
The yak gores you but does no damage.
You hit the yak.
The yak looks as sick as possible!
The yak is almost dead.
You kill the yak!
Vehumet accepts your kill.
Your Spellcasting skill increases to level 6!
The yak gores you!
You die...

.# #
.# #.
o# .#
)##
.##o.
.†)
#Y#
#@#
#Y#
Y##
.# ##


You could see 3 yaks, an orc priest and an orc.

Vanquished Creatures
  Grinder (D:3)
  Eustachio (D:4)
  2 yaks (D:9)
  The ghost of prey the Shooter, an amateur CeHu (D:3)
  Menkaure (D:5)
  A sky beast (D:5)
  An ogre (D:4)
  A phantom (D:5)
  3 scorpions
  A crimson imp (D:5)
  2 orc priests
  Crazy Yiuf (D:3)
  2 iguanas
  2 orc wizards
  5 worker ants
  A mummy (D:5)
  8 adders
  3 worms
  2 dart slugs
  A leopard gecko (D:1)
  20 orcs
  5 ball pythons
  2 bats
  4 giant cockroaches
  5 goblins
  9 hobgoblins
  2 jackals (D:1)
  2 quokkas (D:2)
  4 kobolds
  7 rats
100 creatures vanquished.

Vanquished Creatures (others)
  A quokka skeleton (D:5)
  4 toadstools (D:1)
5 creatures vanquished.

Grand Total: 105 creatures vanquished

Notes
Turn   | Place    | Note
-------+----------+-------------------------------------------
     0 | D:1      | prawnwizard the Gargoyle Earth Elementalist began the quest for the Orb.
     0 | D:1      | Reached XP level 1. HP: 10/10 MP: 3/3
   256 | D:1      | Reached XP level 2. HP: 5/15 MP: 1/5
   261 | D:1      | Reached skill level 4 in Earth Magic
   991 | D:1      | Learned a level 2 spell: Passwall
  1732 | D:2      | Reached XP level 3. HP: 19/19 MP: 4/6
  1806 | D:2      | Reached XP level 4. HP: 11/24 MP: 1/7
  2125 | D:2      | Found a hazy altar of Hepliaklqana.
  2192 | D:2      | Reached skill level 5 in Earth Magic
  2273 | D:2      | Learned a level 3 spell: Stone Arrow
  2780 | D:2      | Reached XP level 5. HP: 28/28 MP: 9/9
  3273 | D:3      | Noticed prey's ghost (amateur CeHu)
  3292 | D:3      | Killed prey's ghost
  3292 | D:3      | Reached skill level 6 in Earth Magic
  3292 | D:3      | Reached XP level 6. HP: 15/32 MP: 11/11
  3638 | D:3      | Noticed Grinder
  3641 | D:3      | Paralysed by Grinder for 6 turns
  3651 | D:3      | Killed Grinder
  3651 | D:3      | Reached skill level 7 in Earth Magic
  3651 | D:3      | Reached XP level 7. HP: 20/36 MP: 12/12
  3700 | D:3      | Found a runed door.
  3782 | D:3      | Noticed Crazy Yiuf
  3786 | D:3      | Killed Crazy Yiuf
  3908 | D:4      | Found Rucaol's Weapon Shoppe.
  4006 | D:4      | Reached skill level 1 in Fighting
  4033 | D:4      | Noticed Eustachio
  4043 | D:4      | Killed Eustachio
  4043 | D:4      | Reached skill level 8 in Earth Magic
  4244 | D:4      | Reached XP level 8. HP: 12/45 MP: 14/14
  4560 | D:5      | Entered Level 5 of the Dungeon
  4560 | D:5      | Found a glowing silver altar of Zin.
  4575 | D:5      | Found a snail-covered altar of Cheibriados.
  4771 | D:5      | Found a radiant altar of Vehumet.
  4785 | D:5      | Became a worshipper of Vehumet
  4887 | D:5      | Reached skill level 9 in Earth Magic
  4943 | D:5      | Noticed Menkaure
  4951 | D:5      | Killed Menkaure
  5049 | D:5      | Found an opulent altar of Gozag.
  5157 | D:5      | Reached skill level 5 in Spellcasting
  5163 | D:5      | Found a deep blue altar of Sif Muna.
  5318 | D:5      | Learned a level 5 spell: Lee's Rapid Deconstruction
  5465 | D:6      | Found Dauciustri's Antique Armour Shop.
  5522 | D:6      | Found a runed door.
  5526 | D:6      | Found a basalt altar of Yredelemnul.
  5537 | D:6      | You fall through a shaft for 3 floors!
  5537 | D:9      | Noticed a yak
  5537 | D:9      | Noticed a yak
  5537 | D:9      | Noticed a yak
  5537 | D:9      | Noticed a yak
  5537 | D:9      | Noticed a yak
  5541 | D:9      | Killed a yak
  5541 | D:9      | Reached skill level 10 in Earth Magic
  5541 | D:9      | Reached XP level 9. HP: 31/51 MP: 10/17
  5550 | D:9      | Slain by a yak

Skill      XL: |  1  2  3  4  5  6  7  8  9 |
---------------+----------------------------+-----
Earth Magic    | 4 5 6 7 8 10 | 10.3
Dodging        | 2 3 |  3.3
Spellcasting   | 3 4 5 6 |  6.0
Fighting       | 2 3 |  3.5
Stealth        | |  2.1
Transmutations | |  0.7

Action                   |  1- 3 |  4- 6 |  7- 9 || total
-------------------------+-------+-------+-------++-------
Melee: Unarmed           |    79 |       |       ||    79
       Dagger            |     5 |   101 |   100 ||   206
 Cast: Sandblast         |    28 |    20 |    43 ||    91
       Passwall          |     2 |       |       ||     2
       Stone Arrow       |       |     1 |       ||     1
       Lee's Rapid Decon |       |       |     6 ||     6
  Use: Scroll            |       |       |     7 ||     7
       Potion            |       |       |     1 ||     1
 Stab: Sleeping          |       |     2 |     3 ||     5
  Eat: Chunk             |     3 |     6 |     7 ||    16
Armor: Robe              |    36 |    27 |    31 ||    94
Dodge: Dodged            |    60 |    55 |    70 ||   185
